 Dungeon Crawl Stone Soup version 0.28.0-45-g0d030f2227 (webtiles) character file.

Game seed: 18058259599168157694

97 bobregger the Cudgeller (level 4, 0/72 HPs)
             Began as an Ogre Berserker on Apr 23, 2022.
             Was a Believer of Trog.
             Succumbed to an adder's poison
             ... on level 2 of the Dungeon.
             The game lasted 00:02:18 (2816 turns).

bobregger the Cudgeller (Ogre Berserker)            Turns: 2816, Time: 00:02:19

Health: 0/72       AC:  3    Str: 21    XL:     4   Next: 68%
Magic:  4/4        EV: 10    Int:  8    God:    Trog [**....]
Gold:   108        SH:  0    Dex: 10    Spells: 3/3 levels left

rFire   . . .      SeeInvis .   n - +0 flail
rCold   . . .      Faith    .   (no shield)
rNeg    . . .      Spirit   .   b - +0 animal skin
rPois   .          Reflect  .   (helmet restricted)
rElec   .          Harm     .   (no cloak)
rCorr   .          Rampage  .   (gloves unavailable)
Will    ++...                   (boots unavailable)
Stlth   ..........              (no amulet)
HPRegen 1.22/turn               (no ring)
MPRegen 0.09/turn               (no ring)

@: berserking, lethally poisoned (0 -> -16), strong-willed, regenerating, very
quick
A: large, unfitting armour, tough skin 1
a: Renounce Religion, Berserk, Trog's Hand


You were on level 2 of the Dungeon.
You worshipped Trog.
Trog was pleased with you.
You visited 1 branch of the dungeon, and saw 3 of its levels.

You collected 108 gold pieces.

Inventory:

Hand Weapons
 n - a +0 flail (weapon)
Armour
 b - a +0 animal skin (worn)
Jewellery
 l - a +6 ring of strength
Scrolls
 c - 2 scrolls of blinking {unknown}
 f - 2 scrolls of teleportation {unknown}
 i - a scroll of acquirement {unknown}
 j - a scroll of holy word {unknown}
 k - 2 scrolls of vulnerability {unknown}
Potions
 d - a potion of ambrosia {unknown}
 e - a potion of magic {unknown}
 g - a potion of mutation {unknown}
 h - a potion of might {unknown}
 m - a potion of heal wounds {unknown}


   Skills:
 - Level 4.0 Fighting
 + Level 4.8 Maces & Flails
 - Level 2.6 Dodging


You had 3 spell levels left.
You didn't know any spells.
Your spell library was empty.

Dungeon Overview and Level Annotations

Branches:
Dungeon (3/15)

Altars:
Okawaru


Innate Abilities, Weirdness & Mutations

You are too large for most types of armour.
You have tough skin. (AC +1)


Message History

You are more poisoned.
The adder closely misses you.
There is a stone staircase leading up, spattered with blood here.
You feel very sick. The giant cockroach barely misses you.
The ball python bites you but does no damage.
The adder barely misses you. The gnoll hits you with a +0 club.
The frilled lizard bites you.
The orc hits you with a +2 dagger of venom.
You are lethally poisoned!
The giant cockroach bites you but does no damage.
The ball python bites you but does no damage.
The quokka bites you but does no damage.
You climb upwards.
* * * LOW HITPOINT WARNING * * *
You feel extremely sick.
There is a stone staircase leading down here.
Okay, then.
Your skin crawls.
You feel strong-willed.
You feel very sick. The adder bites you.
* * * LOW HITPOINT WARNING * * *
The giant cockroach bites you but does no damage.
The orc closely misses you. The frilled lizard bites you.
* * * LOW HITPOINT WARNING * * *
A red film seems to cover your vision as you go berserk!
You feel yourself moving faster!
You feel mighty!
You feel very sick. The adder bites you but does no damage.
The giant cockroach closely misses you. The orc hits you but does no damage.
You are lethally poisoned!
The frilled lizard bites you.
* * * LOW HITPOINT WARNING * * *
The adder bites you.
* * * LOW HITPOINT WARNING * * *
You are more poisoned.
The adder poisons you!
You miss the frilled lizard.
You die...

######+#.....#.#.#####
#.........##.#.#.#
#.........##.#.#.#
#..........#.#.#.#
#......(.#.#.#.#.#
#........#...#.#.#
#...........g#.#.#
#.......###SB#.#.# ##
#.........So@#.#.# .#
############l#.#.#####
.# ###.#.#.)...# .#
#..)#.#####.# .#
#.###.# #.# .# #.# #.#
#.# .# #.# #.# #.# .#
#.###.#####.# .#
#...........#


You could see a gnoll, an adder, an orc, a giant cockroach, a ball python and a
frilled lizard.

Vanquished Creatures
  2 gnolls (D:2)
  3 adders (D:2)
  A dart slug (D:1)
  3 endoplasms (D:1)
  6 giant cockroaches
  5 goblins
  3 hobgoblins
  2 jackals (D:1)
  3 quokkas
  2 ball pythons
  7 bats
  2 frilled lizards (D:1)
  3 kobolds
  5 rats
47 creatures vanquished.

Vanquished Creatures (others)
  4 toadstools (D:1)
4 creatures vanquished.

Grand Total: 51 creatures vanquished

Notes
Turn   | Place    | Note
-------+----------+-------------------------------------------
     0 | D:1      | bobregger the Ogre Berserker began the quest for the Orb.
     0 | D:1      | Reached XP level 1. HP: 24/24 MP: 1/1
   174 | D:1      | Reached XP level 2. HP: 26/32 MP: 2/2
   560 | D:1      | Reached XP level 3. HP: 38/39 MP: 3/3
   573 | D:1      | Found a faded altar of an unknown god.
   805 | D:1      | Reached ** piety under Trog
  1634 | D:2      | Reached XP level 4. HP: 35/48 MP: 4/4
  2141 | D:2      | Found an iron altar of Okawaru.
  2816 | D:2      | Succumbed to an adder's poison

Illustrated notes

Levels and vault maps discovered:
D:1:      ldierk_water_garden, layout_rooms, basic_ecumenical_altar
D:2:      layout_basic, basic_altar, grunt_ministairs_3, nrook_mini_vaults
D:3:      layout_rooms, uniq_jessica

Skill      XL: |  1  2  3 |
---------------+----------+-----
Maces & Flails | 3 4 |  4.8
Fighting       | |  4.0
Dodging        | |  2.6

Action                   |  1- 3 |  4- 6 || total
-------------------------+-------+-------++-------
Melee: Mace              |   128 |    28 ||   156
       Flail             |       |     1 ||     1
Invok: Berserk           |     1 |     2 ||     3
       Trog's Hand       |       |     1 ||     1
 Stab: Sleeping          |     1 |       ||     1
Armor: Animal skin       |    64 |    16 ||    80
Dodge: Dodged            |   110 |    41 ||   151
